General information
- name: 2v2 obs pros viki #14
- type: unknown
- host: Viki.hostbot.
- saver: ZwareVanelle
map: TwistedMeadows
- players: 12
- length: 13:49
- speed: Fast
- version: 1.26 W3XP
- replay type: Public
» download(154 KB)
Players
team 1 (loser)
Untouchable (
blue | 130 APM | 1794 actions | 13:48)
4 Death Knight
2 Death Coil
2 Unholy Aura
1 Lich
1 Frost Nova
» actions
| Assign group hotkey | 1 | |
| Basic commands | 89 | |
| Build / train | 43 | |
| ESC pressed | 1 | |
| Enter build submenu | 15 | |
| Enter hero's abilities submenu | 5 | |
| Right click | 1149 | |
| Select / deselect | 425 | |
| Select group hotkey | 4 | |
| Use ability | 62 | |
1794 total
» units
| Acolyte | 5 | |
| Ghoul | 2 | |
| Crypt Fiend | 11 | |
18 total
» upgrades
» buildings
| Crypt | 2 | |
| Graveyard | 1 | |
| Altar of Darkness | 1 | |
| Ziggurat | 6 | |
| Tomb of Relics | 1 | |
| Halls of the Dead | 2 | |
| Nerubian Tower | 1 | |
| Sacrificial Pit | 1 | |
| Black Citadel | 2 | |
| Boneyard | 1 | |
18 total
» build order
00:04 Crypt
00:06 Graveyard
00:40 Altar of Darkness
00:57 Ziggurat
01:24 Tomb of Relics
02:02 Ziggurat
04:42 Crypt
05:05 Halls of the Dead
05:05 Halls of the Dead
05:11 Ziggurat
06:27 Ziggurat
06:29 Nerubian Tower
09:19 Sacrificial Pit
09:34 Black Citadel
09:35 Black Citadel
11:50 Ziggurat
11:51 Ziggurat
12:31 Boneyard
» items
| Rod of Necromancy | 1 | |
| Sacrificial Skull | 1 | |
| Dust of Appearance | 1 | |
| Potion of Healing | 2 | |
| Scroll of Town Portal | 2 | |
| Orb of Corruption | 1 | |
| Scroll of Healing | 1 | |
9 total

»
Outrageous (
gray | 275 APM | 3791 actions | 13:47)
3 Goblin Tinker
2 Pocket Factory
1 Engineering Upgrade
2 Paladin
1 Holy Light
1 Divine Shield
» actions
| Assign group hotkey | 193 | |
| Basic commands | 101 | |
| Build / train | 69 | |
| ESC pressed | 6 | |
| Enter build submenu | 18 | |
| Enter hero's abilities submenu | 5 | |
| Give item / drop item | 3 | |
| Right click | 1209 | |
| Select / deselect | 379 | |
| Select group hotkey | 1719 | |
| Use ability | 89 | |
3791 total
» units
| Peasant | 15 | |
| Footman | 12 | |
| Sorceress | 4 | |
| Spell Breaker | 3 | |
| Priest | 3 | |
37 total
» upgrades
| Lumber Harvesting | 1 | |
| Sorceress Training | 1 | |
2 total
» buildings
| Barracks | 1 | |
| Farm | 8 | |
| Altar of Kings | 1 | |
| Scout Tower | 1 | |
| Arcane Tower | 1 | |
| Keep | 2 | |
| Arcane Vault | 1 | |
| Lumber Mill | 1 | |
| Arcane Sanctum | 2 | |
18 total
» build order
00:10 Barracks
00:21 Farm
00:58 Farm
01:00 Farm
01:15 Altar of Kings
01:43 Farm
02:05 Scout Tower
02:29 Farm
02:37 Arcane Tower
03:31 Keep
03:31 Keep
03:58 Arcane Vault
04:41 Lumber Mill
05:08 Farm
06:09 Arcane Sanctum
06:10 Arcane Sanctum
10:37 Farm
11:00 Farm
» items
| Dust of Appearance | 1 | |
| Boots of Speed | 1 | |
| Staff of Teleportation | 1 | |
| Potion of Healing | 3 | |
| Scroll of Regeneration | 1 | |
| Lesser Clarity Potion | 4 | |
| Scroll of Town Portal | 1 | |
| Scroll of Protection | 1 | |
| Potion of Lesser Invulnerability | 2 | |
15 total
team 2 (winner)
fRezz (
yellow | 206 APM | 2844 actions | 13:49)
4 Blademaster
2 Wind Walk
2 Critical Strike
2 Shadow Hunter
1 Hex
1 Healing Wave
» actions
| Assign group hotkey | 39 | |
| Basic commands | 4 | |
| Build / train | 64 | |
| ESC pressed | 1 | |
| Enter build submenu | 12 | |
| Enter hero's abilities submenu | 6 | |
| Give item / drop item | 11 | |
| Right click | 1126 | |
| Select / deselect | 333 | |
| Select group hotkey | 1142 | |
| Use ability | 106 | |
2844 total
» units
| Peon | 10 | |
| Grunt | 7 | |
| Raider | 4 | |
| Spirit Walker | 3 | |
| Kodo Beast | 1 | |
25 total
» upgrades
| Ensnare | 1 | |
| Spirit Walker Training | 1 | |
| Berserker Strength | 1 | |
| Armor | 1 | |
4 total
» buildings
| Altar of Storms | 1 | |
| Orc Burrow | 5 | |
| Barracks | 1 | |
| Voodoo Lounge | 1 | |
| Stronghold | 2 | |
| Beastiary | 1 | |
| Spirit Lodge | 1 | |
| War Mill | 1 | |
13 total
» build order
00:03 Altar of Storms
00:16 Orc Burrow
00:35 Barracks
01:37 Orc Burrow
01:54 Voodoo Lounge
03:13 Stronghold
03:14 Stronghold
04:28 Orc Burrow
05:54 Beastiary
05:56 Spirit Lodge
07:17 Orc Burrow
08:12 War Mill
10:51 Orc Burrow
» items
| Circlet of Nobility | 1 | |
| Boots of Speed | 1 | |
| Healing Salve | 4 | |
| Lesser Clarity Potion | 5 | |
| Scroll of Speed | 2 | |
| Potion of Healing | 2 | |
| Scroll of Healing | 2 | |
| Potion of Lesser Invulnerability | 1 | |
18 total

»
ZwareVanelle (
red | 149 APM | 2054 actions | 13:49)
4 Death Knight
2 Death Coil
2 Unholy Aura
3 Lich
2 Frost Nova
1 Frost Armor
2 Crypt Lord
1 Impale
1 Spiked Carapace
» actions
| Assign group hotkey | 44 | |
| Basic commands | 8 | |
| Build / train | 52 | |
| ESC pressed | 1 | |
| Enter build submenu | 10 | |
| Enter hero's abilities submenu | 9 | |
| Give item / drop item | 2 | |
| Right click | 627 | |
| Select / deselect | 391 | |
| Select group hotkey | 816 | |
| Use ability | 94 | |
2054 total
» units
| Acolyte | 4 | |
| Ghoul | 5 | |
| Crypt Fiend | 8 | |
| Obsidian Statue | 4 | |
21 total
» upgrades
| Creature Attack | 1 | |
| Burrow | 1 | |
| Destroyer Form | 1 | |
| Web | 1 | |
4 total
» buildings
| Crypt | 1 | |
| Graveyard | 1 | |
| Altar of Darkness | 1 | |
| Ziggurat | 5 | |
| Tomb of Relics | 1 | |
| Halls of the Dead | 2 | |
| Nerubian Tower | 1 | |
| Black Citadel | 1 | |
| Slaughterhouse | 1 | |
14 total
» build order
00:07 Crypt
00:13 Graveyard
00:43 Altar of Darkness
00:57 Ziggurat
01:26 Tomb of Relics
02:00 Ziggurat
03:54 Halls of the Dead
03:54 Halls of the Dead
04:49 Ziggurat
05:03 Nerubian Tower
06:18 Black Citadel
06:46 Slaughterhouse
07:10 Ziggurat
12:22 Ziggurat
» items
| Rod of Necromancy | 6 | |
| Dust of Appearance | 1 | |
| Orb of Corruption | 1 | |
| Scroll of Town Portal | 3 | |
11 total
observersAmnorew,
farseer.philos,
Pascal,
iG.ToNiC,
harief,
KordaMentha,
hude,
Neither Chat log
(00:00 / All) Untouchable: Clan ViKi @ USWEST
(00:26 / Allies) ZwareVanelle: yoyo
(00:51 / All) Untouchable: gl hf
(00:55 / All) ZwareVanelle: glgl
(04:19 / Allies) ZwareVanelle: kkk sc
(05:48 / Allies) ZwareVanelle: omw
(06:58 / Allies) fRezz: give me claws
(08:52 / All) ZwareVanelle: b
(08:57 / All) Untouchable: never
(08:59 / All) Untouchable: iG.ToNiC has left the game voluntarily.
(09:44 / Allies) ZwareVanelle: sec
(09:46 / Allies) ZwareVanelle: 100 for tp?
(10:39 / Allies) ZwareVanelle: pala
(11:48 / Allies) ZwareVanelle: go on h u
(11:50 / Allies) ZwareVanelle: h?
(13:46 / All) Outrageous: gg
(13:47 / All) Untouchable: Outrageous has left the game voluntarily.
(13:48 / All) Untouchable: Untouchable has left the game voluntarily.
(13:49 / All) hude: fRezz has left the game voluntarily.